 Dungeon Crawl Stone Soup version 0.30-a0-614-ge5ea1257c2 (console) character file.

Game seed: 2202655821704802908

591 Ignak the Sneak (level 7, 0/45 HPs)
             Began as an Octopode Enchanter on Jan 9, 2023.
             Was an Initiate of Dithmenos.
             Slain by an orc
             ... wielding a +2 war axe of freezing
              (2 damage)
             ... on level 4 of the Dungeon.
             The game lasted 00:06:59 (2661 turns).

Ignak the Sneak (Octopode Enchanter)                Turns: 2661, Time: 00:06:59

Health: 0/45       AC:  1    Str:  8    XL:     7   Next: 39%
Magic:  5/11       EV: 14    Int: 17    God:    Dithmenos [......]
Gold:   166        SH:  0    Dex: 14    Spells: 7/12 levels left

rFire   . . .      SeeInvis .    a - +2 dagger (venom)
rCold   . . .      Faith    .    (no shield)
rNeg    . . .      Spirit   .    (helmet restricted)
rPois   .          Reflect  .    (no amulet)
rElec   .          Harm     .    e - ring of wizardry
rCorr   .          Rampage  .    (no ring)
Will    .....                    (no ring)
Stlth   ++++                     (no ring)
HPRegen 0.27/turn                (no ring)
MPRegen 0.12/turn                (no ring)
                                 (no ring)
                                 (no ring)

@: no status effects
A: almost no armour, amphibious, 8 rings, camouflage 1, gelatinous body 1,
(nimble swimmer 1), tentacles
a: Renounce Religion


You were on level 4 of the Dungeon.
You worshipped Dithmenos.
Dithmenos was noncommittal.
You visited 1 branch of the dungeon, and saw 4 of its levels.

You collected 166 gold pieces.

Inventory:

Hand Weapons
 a - a +2 dagger of venom (weapon)
Jewellery
 e - a ring of wizardry (left tentacle)
Wands
 p - a wand of paralysis (8)
Scrolls
 c - a scroll of amnesia {unknown}
 g - a scroll of fog
 h - a scroll of teleportation {unknown}
 i - a scroll of enchant weapon {unknown}
 j - 2 scrolls of identify {unknown}
 k - a scroll of poison {unknown}
 l - a scroll of acquirement {unknown}
 m - a scroll of enchant armour {unknown}
 q - a scroll of vulnerability {unknown}
Potions
 b - 2 potions of invisibility
 d - a potion of mutation {unknown}
 f - 3 potions of haste {unknown}
 n - 2 potions of degeneration {unknown}
 o - a potion of ambrosia {unknown}
 r - a potion of might {unknown}
 s - a potion of lignification {unknown}
 t - a potion of attraction {unknown}


   Skills:
 + Level 2.1 Fighting
 + Level 2.5 Short Blades
 * Level 4.1 Dodging
 * Level 6.5 Stealth
 - Level 1.0 Unarmed Combat
 + Level 3.0 Spellcasting
 + Level 3.8 Hexes
 + Level 1.8 Ice Magic


You had 7 spell levels left.
You knew the following spells:

 Your Spells              Type           Power      Damage    Failure   Level
a - Confusing Touch       Hex            15%        N/A       4%          3
c - Ensorcelled Hibernat  Hex/Ice        24%        N/A       3%          2

Your spell library contained the following spells:

 Spells                   Type           Power      Damage    Failure   Level
 Tukima's Dance           Hex            15%        N/A       4%          3
 Necrotise                Necr           8%         1d4       7%          1
 Dazzling Flash           Conj/Hex       18%        N/A       10%         3
 Ozocubu's Armour         Ice            8%         N/A       10%         3
 Ozocubu's Refrigeration  Ice            4%         4d8       100%        7


Dungeon Overview and Level Annotations

Branches:
Dungeon (4/15)
 Temple: D:4-7

Altars:
Dithmenos
Kikubaaqudgha
Okawaru
Sif Muna
Vehumet
Wu Jian

Shops:
D:4 (


Innate Abilities, Weirdness & Mutations

You cannot wear most types of armour.
You are amphibious.
You can wear up to eight rings at the same time.
Your skin changes colour to match your surroundings (Stealth+).
Your rubbery body absorbs attacks. (AC +1, EV +1)
((You are camouflaged when in or above water. (Stealth+)))
You have tentacles for arms and can constrict up to eight enemies at once.


Message History

The orc freezes you.
The orc priest hits you with a +0 dagger.
Casting: Ensorcelled Hibernation (safe; 3% risk of failure)
Confirm with . or Enter, or press ? or * to list all spells.
Aiming: Ensorcelled Hibernation (safe; 3% risk of failure)
Press: ? - help, Shift-Dir - straight line, f/p - orc priest
Aim: an orc priest, wielding a +0 dagger and wearing a +0 leather armour (chance to affect: 46%)
The orc priest looks drowsy...
The orc hits you with a +2 war axe of freezing!
The orc freezes you.
The helpless orc priest fails to defend itself.
You impale the orc priest!!
You kill the orc priest!
Dithmenos accepts your kill. The orc misses you.
You barely miss the orc. You grab the orc. You constrict the orc.
The orc misses you.
You release your grip on the orc.
The orc hits you with a +2 war axe of freezing!
* * * LOW HITPOINT WARNING * * *
The orc freezes you.
* * * LOW HITPOINT WARNING * * *
Items here: )) [ ††.
You barely miss the orc. You grab the orc.
You constrict the orc, but do no damage.
The orc misses you.
Press: ? - help, v - describe, . - travel
Here: an orc, wielding a +2 war axe of freezing (constricted by you)
The floor.
Casting: Ensorcelled Hibernation (safe; 3% risk of failure)
Confirm with . or Enter, or press ? or * to list all spells.
Aiming: Ensorcelled Hibernation (safe; 3% risk of failure)
Press: ? - help, Shift-Dir - straight line, f - orc
Aim: an orc, wielding a +2 war axe of freezing (constricted by you, chance to affect: 63%)
The orc resists with significant effort.
You constrict the orc.
The orc hits you with a +2 war axe of freezing.
* * * LOW HITPOINT WARNING * * *
The orc freezes you.
You die...

# #...##
####..##.#
#..#..##
#....###.#
#.###..#
#.#### #.#
... ##.##
#.# #.# .#
#..# #.#
#.# # ##.##
#..# .#
#..####
..## .#
##....#
##.#
####.###@.#
#.#.)o##
#####..)###
#......##
#...####
......
###.. #..
##


You could see an orc.

Vanquished Creatures
  Sigmund (D:3)
  A water moccasin (D:4)
  Pargi (D:3)
  A scorpion (D:4)
  An orc priest (D:4)
  A hound (D:4)
  A gnoll (D:1)
  An adder (D:2)
  A worm (D:2)
  4 dart slugs
  3 orcs
  7 ball pythons
  4 endoplasms
  4 giant cockroaches
  4 goblins
  6 hobgoblins
  4 jackals (D:1)
  7 kobolds
  4 quokkas
  5 bats
  2 frilled lizards
  9 rats
72 creatures vanquished.

Notes
Turn   | Place    | Note
-------+----------+-------------------------------------------
     0 | D:1      | Ignak the Octopode Enchanter began the quest for the Orb.
     0 | D:1      | Reached XP level 1. HP: 11/11 MP: 3/3
    45 | D:1      | Reached XP level 2. HP: 9/17 MP: 5/5
    52 | D:1      | Learned a level 2 spell: Ensorcelled Hibernation
   358 | D:1      | Found a faded altar of an unknown god.
   365 | D:1      | Reached XP level 3. HP: 22/22 MP: 6/6
   808 | D:1      | Learned a level 3 spell: Confusing Touch
  1259 | D:2      | Reached XP level 4. HP: 14/27 MP: 7/7
  1730 | D:3      | Found an iron altar of Okawaru.
  1762 | D:3      | Noticed Sigmund
  1771 | D:3      | Killed Sigmund
  1772 | D:3      | Reached skill level 1 in Fighting
  1772 | D:3      | Reached skill level 5 in Stealth
  1772 | D:3      | Reached skill level 1 in Unarmed Combat
  1772 | D:3      | Reached skill level 1 in Ice Magic
  1772 | D:3      | Reached XP level 5. HP: 30/33 MP: 8/8
  1772 | D:3      | Reached XP level 6. HP: 35/38 MP: 9/9
  1827 | D:3      | Noticed Pargi
  1834 | D:3      | Killed Pargi
  1982 | D:3      | Found a shadowy altar of Dithmenos.
  2075 | D:3      | Reached skill level 6 in Stealth
  2168 | D:3      | Found a shimmering blue altar of Sif Muna.
  2169 | D:3      | Found an ancient bone altar of Kikubaaqudgha.
  2170 | D:3      | Found a radiant altar of Vehumet.
  2176 | D:3      | Got Kikubaaqudgha's Compendium of Skeletons
  2257 | D:3      | Became a worshipper of Dithmenos the Shadowed
  2293 | D:4      | Reached XP level 7. HP: 31/44 MP: 3/11
  2573 | D:4      | Found Fiasmol's Weapon Shoppe.
  2600 | D:4      | Found an ornate altar of the Wu Jian Council.
  2661 | D:4      | HP: 2/45 [orc/+2 war axe of freezing (3)]
  2661 | D:4      | Slain by an orc

Illustrated notes

Levels and vault maps discovered:
D:1:      psy_arrival_terrarium, layout_basic,
          nicolae_ecumenical_snake_handling, minmay_pentomino_z4
D:2:      layout_loops_ring, nicolae_hexahallways
D:3:      layout_basic, grunt_temple_overflow_magic_moments,
          mainiacjoe_overflow_surrounded_room, okawaru_ov_weapons_minmay,
          minmay_between, uniq_pargi, uniq_sigmund
D:4:      layout_rooms, kennysheep_little_box, serial_shops,
          nicolae_shop_bloodbath_and_beyond

Skill      XL: |  1  2  3  4  5  6  7 |
---------------+----------------------+-----
Fighting       | 1 2 |  2.1
Short Blades   | 2 |  2.5
Dodging        | 3 4 |  4.1
Stealth        | 5 6 |  6.5
Unarmed Combat | 1 |  1.0
Ice Magic      | 1 |  1.8
Spellcasting   | 3 |  3.0
Hexes          | |  3.8

Action                   |  1- 3 |  4- 6 |  7- 9 || total
-------------------------+-------+-------+-------++-------
Melee: Dagger            |    69 |    40 |    16 ||   125
       Constrict         |    17 |     8 |     4 ||    29
       Tentacles         |    13 |    10 |     3 ||    26
       Punch             |       |     3 |     1 ||     4
 Cast: Ensorcelled Hiber |     3 |     5 |     5 ||    13
  Use: Scroll            |       |     1 |       ||     1
 Stab: Sleeping          |    17 |    13 |     4 ||    34
Armor: Skin              |     5 |     3 |       ||     8
Dodge: Dodged            |    36 |    28 |    15 ||    79

Table legend: (Time is in decaauts)
 A = Elapsed time spent in this place.
 B = Non-inter-level travel time spent in this place.
 C = Inter-level travel time spent in this place.
 D = Time resting spent in this place.
 E = Time spent auto-exploring this place.
 F = Levels seen in this place.
 G = Mean time per level.
                   A        B        C        D        E       F      G
               +--------+--------+--------+--------+--------+-----+--------+
         Total |   2649 |   2562 |     87 |    155 |   1531 |   4 |  662.2 |
       Dungeon |   2649 |   2562 |     87 |    155 |   1531 |   4 |  662.2 |
               +--------+--------+--------+--------+--------+-----+--------+

Top non-repeatable levels by time:
     D:1: 1012 daAuts
     D:2: 699 daAuts
     D:3: 581 daAuts
     D:4: 355 daAuts
